 Dungeon Sprint DCSS version 0.17-a0-1951-g62301d3 (webtiles) character file.

460 kosy22 the Grappler (level 6, 0/71 HPs)
             Began as a Troll Berserker on Oct 2, 2015.
             Was a Believer of Trog.
             Slain by a kobold demonologist
             ... wielding a +0 dagger
              (4 damage)
             ... while paralysed by a giant eyeball
             ... in the Dungeon (Sprint I: "Red Sonja").
             The game lasted 00:00:45 (226 turns).

kosy22 the Grappler (Troll Berserker)                Turns: 226, Time: 00:00:45

Health: 0/71       AC: -23   Str: 28    XL:     6   Next: 78%
Magic:  5/5        EV:  1    Int:  3    God:    Trog [**....]
Gold:   216        SH:  0    Dex:  9    Spells: 0 memorised, 5 levels left

rFire  . . .     SeeInvis .       - Unarmed
rCold  . . .     Clarity  .     a - +0 animal skin
rNeg   . . .     SustAt   .     (no shield)
rPois  .         Gourm    +     (helmet restricted)
rElec  .         Spirit   .     (no cloak)
rCorr  .         Warding  .     (gloves unavailable)
rMut   .         NoTele   +     (boots unavailable)
MR     .....                    (no amulet)
Stlth  +.........               (no ring)
                                (no ring)

@: paralysed, corroded equipment, not resistant to hostile enchantments, very
unstealthy
A: unfitting armour, claws 3, fast metabolism 3, gourmand, regeneration 2,
shaggy fur 1, tough skin 2
a: Burn Spellbooks, Berserk, Trog's Hand, Renounce Religion


You were in the Dungeon.
You worshipped Trog.
Trog was pleased with you.
You were not hungry.

You visited 1 branch You collected 216 gold pieces.

Inventory:

Armour
 a - a +0 animal skin (worn)
Scrolls
 h - a scroll of blinking
Potions
 c - a potion of curing
 d - a potion of heal wounds
 e - a potion of haste
 f - 2 potions of magic
 g - a potion of berserk rage
Comestibles
 b - 2 bread rations


   Skills:
 + Level 7.4 Fighting
 + Level 7.8 Dodging
 + Level 8.9 Unarmed Combat


You had 5 spell levels left.
You didn't know any spells.

Dungeon Overview and Level Annotations

Branches:
Dungeon (1/1)

Altars:
Cheibriados
Dithmenos
Fedhas
Jiyva


Innate Abilities, Weirdness & Mutations

You are too large for most types of armour.
You have claws for hands.
Your metabolism is lightning-fast.
You like to eat raw meat.
You heal very quickly.
You are covered in fur (AC +1).
You have very tough skin (AC +2).


Message History

The rust devil hits you! The rust devil corrodes you!
The kobold demonologist hits you with a dagger.
* * * LOW HITPOINT WARNING * * *
The kobold demonologist hits you with a dagger.
* * * LOW HITPOINT WARNING * * *
The rust devil hits you.
* * * LOW HITPOINT WARNING * * *
The rust devil corrodes you!
The kobold demonologist looks braver for a moment.
The kobold demonologist hits you with a dagger.
* * * LOW HITPOINT WARNING * * *
The rust devil hits you!
* * * LOW HITPOINT WARNING * * *
The rust devil corrodes you! The giant eyeball gazes at you.
You shrug off the repeated paralysis!
The rust devil disappears in a puff of smoke!
The kobold demonologist mumbles some strange words.
The kobold demonologist hits you with a dagger.
You die...

#####################
.').#..'..#__#..@5K5#
.#..').#..'..'..#KG.#
###+#####+#__####455+
#### ####


You could see 2 kobold demonologists, a sixfirhy, a giant eyeball, a crimson
imp, a white imp and 2 ufetubi.

Vanquished Creatures
  A slime creature (D)
  Sigmund (D)
  An ogre (D)
  Ijyb (D)
4 creatures vanquished.

Notes
Turn   | Place    | Note
--------------------------------------------------------------
     0 | D        | kosy22 the Troll Berserker began the quest for the Orb.
     0 | D        | Reached XP level 1. HP: 22/22 MP: 0/0
     2 | D        | Noticed Ijyb
    17 | D        | Killed Ijyb
    17 | D        | Reached skill level 4 in Unarmed Combat
    17 | D        | Reached XP level 2. HP: 29/32 MP: 1/1
    21 | D        | Noticed an ogre
    29 | D        | Killed an ogre
    29 | D        | Acquired Trog's second power
    29 | D        | Reached skill level 5 in Fighting
    29 | D        | Reached skill level 5 in Dodging
    29 | D        | Reached skill level 6 in Unarmed Combat
    29 | D        | Reached XP level 3. HP: 25/42 MP: 2/2
    29 | D        | Reached XP level 4. HP: 29/50 MP: 3/3
   110 | D        | Noticed Sigmund
   119 | D        | Killed Sigmund
   119 | D        | Reached skill level 7 in Unarmed Combat
   119 | D        | Reached XP level 5. HP: 54/61 MP: 4/4
   119 | D        | Reached XP level 6. HP: 60/68 MP: 5/5
   146 | D        | Found a snail-covered altar of Cheibriados.
   146 | D        | Found a viscous altar of Jiyva.
   146 | D        | Found a shadowy altar of Dithmenos.
   146 | D        | Found a blossoming altar of Fedhas.
   146 | D        | Noticed a slime creature
   151 | D        | Killed a slime creature
   151 | D        | Reached skill level 8 in Unarmed Combat
   212 | D        | Noticed a kobold demonologist
   213 | D        | Noticed a rust devil
   213 | D        | Noticed a kobold demonologist
   215 | D        | Paralysed by a giant eyeball for 3 turns
   222 | D        | Paralysed by a giant eyeball for 4 turns
   224 | D        | Noticed a sixfirhy
   226 | D        | Slain by a kobold demonologist

Vault maps used:
D:        dungeon_sprint_1

Action                   |  1- 3 |  4- 6 || total
-------------------------+-------+-------++-------
Melee: Unarmed           |    21 |    18 ||    39
